 Dungeon Crawl Stone Soup version 0.31-a0-246-g8cbcc1cb85 (webtiles) character file.

Game seed: 11794983912134876713

24 qw the Shooter (level 2, -2/25 HPs)
             Began as a Minotaur Hexslinger on July 12, 2023.
             Slain by Terence
             ... wielding a +0 mace
              (6 damage)
             ... on level 2 of the Dungeon.
             The game lasted 00:00:17 (787 turns).

qw the Shooter (Minotaur Hexslinger)                 Turns: 787, Time: 00:00:18

Health: -2/25      AC:  4    Str: 12    XL:     2   Next: 79%
Magic:  2/2        EV: 11    Int: 10    God:
Gold:   30         SH:  0    Dex: 12    Spells: 2/3 levels left

rFire   . . .        Y - +3 sling
rCold   . . .        (no shield)
rNeg    . . .        h - +0 leather armour
rPois   .            (helmet restricted)
rElec   .            i - +0 cloak
rCorr   .            (no gloves)
SInv    .            (no boots)
Will    .....        g - amulet of regeneration
Stlth   +            (no ring)
HPRegen 1.04/turn    (no ring)
MPRegen 0.08/turn

%: no passive effects
@: no status effects
A: horns 2, retaliatory headbutt
a: no special abilities


You were on level 2 of the Dungeon.
You visited 1 branch of the dungeon, and saw 2 of its levels.

You collected 30 gold pieces.


Innate Abilities, Weirdness & Mutations

You have a pair of horns on your head.
You reflexively headbutt those who attack you in melee.


   Skills:
 - Level 2.5 Fighting
 + Level 3.1 Ranged Weapons
 - Level 2.1 Dodging
 - Level 1.0 Spellcasting
 - Level 2.0 Hexes


You had 2 spell levels left.
You knew the following spells:

 Your Spells              Type           Power      Damage    Failure   Level
a - Slow                  Hex            16%        N/A       19%         1

Your spell library contained the following spells:

 Spells                   Type           Power      Damage    Failure   Level
 Inner Flame              Hex/Fire       2%         N/A       65%         3
 Portal Projectile        Hex/Tloc       4%         N/A       65%         3
 Cause Fear               Hex            2%         N/A       88%         4

Inventory:

Hand Weapons
 Y - a +3 sling (weapon)
Armour
 h - a +0 leather armour (worn)
 i - a +0 cloak (worn)
Jewellery
 g - an amulet of regeneration (around neck)
Scrolls
 l - a scroll of identify
Potions
 a - a potion of mutation {unknown}
 d - a potion of ambrosia {unknown}
 e - a potion of attraction {unknown}
 j - 2 potions of curing
 k - a potion of might {unknown}

Dungeon Overview and Level Annotations

Branches:
Dungeon (2/15)

Altars:

Annotations:
D:2 Terence


Message History

Enter note: Terence and a goblin come into view.
Found a leather armour.
Enter note:
Enter note: You shoot a sling bullet.
The sling bullet hits Terence but does no damage.
Terence shouts!
The goblin shouts!
You shoot a sling bullet.
The sling bullet closely misses Terence.
You shoot a sling bullet. The sling bullet hits Terence.
Terence is moderately wounded.
Terence hits you with a +0 mace.
You shoot a sling bullet. The sling bullet hits Terence.
Terence is moderately wounded.
Terence says, "Don't bother to defend, it's useless."
Terence hits you with a +0 mace! Terence hits you with a +0 mace.
You shoot a sling bullet. The sling bullet hits Terence!
Terence is almost dead.
Terence hits you with a +0 mace.
You shoot a sling bullet.
The sling bullet closely misses Terence.
The goblin misses you. Terence hits you with a +0 mace.
You shoot a sling bullet.
The sling bullet hits Terence but does no damage.
Terence is almost dead.
Terence hits you with a +0 mace! The goblin hits you but does no damage.
You shoot a sling bullet. The sling bullet barely misses Terence.
Terence hits you with a +0 mace. The goblin closely misses you.
You furiously retaliate!
You headbutt the goblin. The goblin hits you but does no damage.
Terence hits you but does no damage.
You shoot a sling bullet.
The sling bullet hits Terence but does no damage.
Terence is almost dead.
Terence misses you. The goblin barely misses you.
You shoot a sling bullet.
The sling bullet closely misses Terence.
Terence hits you with a +0 mace.
You die...

#.# ..... #<# ...
#.######### ...
#.......... ...
########### #.# # #.#
.##... #.##g#######
......# #..@@.?.....
........[..##.###.###
#....:#.# #.# #.#...
#.# ..... #.#
#.#.#.#######.#
#.............#
###.##.######## #.#


You could see Terence and a goblin.

Vanquished Creatures
  An adder (D:2)
  An endoplasm (D:1)
  A giant cockroach (D:1)
  A hobgoblin (D:1)
  2 quokkas (D:1)
  2 ball pythons (D:1)
  2 bats (D:1)
  A frilled lizard (D:1)
  3 goblins (D:1)
  A kobold (D:1)
  2 rats (D:1)
17 creatures vanquished.

Notes
Turn   | Place    | Note
-------+----------+-------------------------------------------
     0 | D:1      | qw the Minotaur Hexslinger began the quest for the Orb.
     0 | D:1      | Reached XP level 1. HP: 16/16 MP: 1/1
     0 | D:1      | 0 ||| qw: Version: 0.3-a-52-g30416fa
     0 | D:1      | 0 ||| qw: Game counter: 6289
     0 | D:1      | 0 ||| qw: Melee chars always use a shield: true
     0 | D:1      | 0 ||| qw: God list: Okawaru
     0 | D:1      | 0 ||| qw: Allow faded altars: false
     0 | D:1      | 0 ||| qw: Do Orc after clearing Dungeon:15 true
     0 | D:1      | 0 ||| qw: Do second Lair branch before Depths: true
     0 | D:1      | 0 ||| qw: Lair rune preference: random
     0 | D:1      | 0 ||| qw: Goals: Normal
     0 | D:1      | 0 ||| PLANNING D:1-11
   150 | D:1      | Reached skill level 3 in Ranged Weapons
   150 | D:1      | Reached XP level 2. HP: 23/23 MP: 2/2
   325 | D:1      | Found a faded altar of an unknown god.
   559 | D:1      | 559 ||| UPGRADING to +0 leather armour.
   569 | D:1      | 569 ||| DROPPING +0 robe.
   570 | D:1      | 570 ||| UPGRADING to +0 cloak.
   575 | D:1      | 575 ||| UPGRADING to amulet of regeneration.
   580 | D:1      | 580 ||| READING 2 scrolls labelled DUECUY INKEPNI.
   581 | D:1      | 581 ||| READING scroll of enchant weapon.
   581 | D:1      | 581 ||| ENCHANTING +2 sling.
   582 | D:1      | 582 ||| READING 2 scrolls labelled FADWOL DILUY.
   583 | D:1      | 583 ||| DRINKING 3 orange potions.
   584 | D:1      | 584 ||| DROPPING scroll of poison.
   777 | D:2      | Noticed Terence
   784 | D:2      | HP: 4/25 [Terence/+0 mace (7)]
   787 | D:2      | Slain by Terence

Levels and vault maps discovered:
D:1:      spicycebolla_arrival_xxxplode, layout_basic,
          hellmonk_ecumenical_altar_crossroads
D:2:      layout_loops_ring, serial_park_tiny_2, uniq_terence

Skill      XL: |  1  2 |
---------------+-------+-----
Ranged Weapons | 3 |  3.1
Fighting       | 2 |  2.5
Dodging        | |  2.1
Spellcasting   | |  1.0
Hexes          | |  2.0

Action                     || total
---------------------------++-------
   Fire: Sling             ||    60
    Use: Scroll            ||     3
         Potion            ||     1
 Armour: Robe              ||     4
         Leather armour    ||     4
  Dodge: Dodged            ||    12

Table legend:
 A = Non-vault XP
 B = Vault XP
 C = Vault XP percentage of total XP
 D = Non-vault monster count
 E = Vault monster count
 F = Vault count percentage of total count
                 A         B        C        D         E       F
            +---------+---------+-------+---------+---------+-------
      Total |      35 |       0 |   0.0 |      17 |       0 |   0.0
            +---------+---------+-------+---------+---------+-------
        D:1 |      22 |       0 |   0.0 |      16 |       0 |   0.0
        D:2 |      13 |       0 |   0.0 |       1 |       0 |   0.0
            +---------+---------+-------+---------+---------+-------
